 Dungeon Crawl Stone Soup version 0.22-a0-570-g58866f5d57 (webtiles) character file.

287 PikkenKukken the Skirmisher (level 6, -5/48 HPs)
             Began as a Demonspawn Abyssal Knight on June 30, 2018.
             Was a Priest of Lugonu.
             Slain by an orc
             ... wielding a +2 short sword of electrocution
              (8 damage)
             ... on level 4 of the Dungeon.
             The game lasted 00:08:17 (3362 turns).

PikkenKukken the Skirmisher (DsAK)                  Turns: 3362, Time: 00:08:18

Health: -5/48      AC: 13    Str: 13    XL:     6   Next: 8%
Magic:  0/9        EV:  6    Int: 14    God:    Lugonu [***...]
Gold:   177        SH:  0    Dex: 13    Spells: 5/5 levels left

rFire    + . .     SeeInvis .   a - +2 hand axe
rCold    . . .     Gourm    .   (no shield)
rNeg     . . .     Faith    .   g - +1 chain mail
rPois    .         Spirit   +   r - +0 helmet (curse)
rElec    .         Reflect  .   (no cloak)
rCorr    .         Harm     .   (no gloves)
MR       .....                  (no boots)
Stlth    ..........             i - amulet of regeneration
HPRegen  0.56/turn              (no ring)
MPRegen  0.11/turn              (no ring)

@: no status effects
A: iridescent scales 1, fire resistance 1, magic shield
a: Depart the Abyss, Bend Space, Banish, Renounce Religion


You were on level 4 of the Dungeon.
You worshipped Lugonu.
Lugonu was most pleased with you.
You were not hungry.

You visited 1 branch of the dungeon, and saw 4 of its levels.
You visited the Abyss 1 time.

You collected 177 gold pieces.

Inventory:

Hand Weapons
 a - a +2 hand axe (weapon)
Missiles
 j - 50 bolts
 l - 126 arrows
Armour
 b - a +0 leather armour
 g - a +1 chain mail (worn)
 r - a cursed +0 helmet (worn)
Jewellery
 i - an amulet of regeneration (around neck)
Wands
 e - a wand of enslavement (10)
Scrolls
 m - a scroll of enchant weapon
 p - a scroll of magic mapping
 s - 2 scrolls of amnesia
Potions
 d - a potion of curing
 h - 2 potions of brilliance
 k - a potion of heal wounds
 n - a potion of magic
 o - a potion of resistance
 q - a potion of agility
Comestibles
 c - 4 rations
 f - 2 chunks of flesh


   Skills:
 + Level 4.1 Fighting
 + Level 3.0 Axes
 + Level 3.1 Armour
 + Level 2.3 Dodging
 + Level 4.1 Invocations


You had 5 spell levels left.
You didn't know any spells.
Your spell library was empty.

Dungeon Overview and Level Annotations

Branches:
Dungeon (4/15)
 Temple: D:4-7

Altars:
Ashenzari
Wu Jian
Yredelemnul


Innate Abilities, Weirdness & Mutations

You are partially covered in iridescent scales. (AC +2)
Your flesh is heat resistant. (rF+)
When hurt, damage is shared between your health and your magic reserves.


Message History

You hit the orc but do no damage.
The orc is severely wounded.
The orc barely misses you.
You completely miss the orc.
The orc is severely wounded.
The orc hits you but does no damage.
You hit the orc but do no damage.
The orc is severely wounded.
The orc barely misses you. The orc hits you but does no damage.
You hit the orc but do no damage.
The orc is severely wounded.
The orc hits you but does no damage.
You hit the orc but do no damage.
The orc is severely wounded.
The orc hits you but does no damage.
You are electrocuted!
* * * LOW HITPOINT WARNING * * *
You hit the orc but do no damage.
The orc is severely wounded.
The orc hits you but does no damage.
You are electrocuted!
You die...

### #<#
#.# #.#
#.#
#.#####
#.#.@.#
#.#.#o#
#.#.#)#
#.#.#.#
#.#[#.#
#.#.#.#
#########
#.#.#.#
#.(.....#
#.#.#.#
#.......#
#<#.#.#


You could see an orc.

Vanquished Creatures
  A bullfrog skeleton (D:4)
  Jessica (D:3)
  Terence (D:2)
  An orc wizard (D:4)
  A worker ant (D:4)
  Robin (D:3)
  6 adders
  An adder skeleton (D:4)
  2 worms (D:2)
  2 leopard geckos
  8 orcs (D:4)
  7 giant cockroaches
  15 goblins
  8 hobgoblins
  3 jackals (D:1)
  7 bats
  3 frilled lizards
  3 kobolds
  6 rats
77 creatures vanquished.

Notes
Turn   | Place    | Note
-------+----------+-------------------------------------------
     0 | Abyss:1  | PikkenKukken the Demonspawn Abyssal Knight began the quest for the Orb.
     0 | Abyss:1  | Reached XP level 1. HP: 18/18 MP: 2/2
    51 | D:1      | Escaped the Abyss
   272 | D:1      | Reached * piety under Lugonu
   476 | D:1      | Gained mutation: You are partially covered in iridescent scales. (AC +2) [demonic ancestry]
   476 | D:1      | Reached XP level 2. HP: 24/24 MP: 3/3
   484 | D:1      | Reached skill level 1 in Dodging
  1018 | D:2      | Gained mutation: Your flesh is heat resistant. (rF+) [demonic ancestry]
  1018 | D:2      | Reached XP level 3. HP: 19/29 MP: 5/5
  1386 | D:2      | Found a shattered altar of Ashenzari.
  1392 | D:2      | Found an ornate altar of the Wu Jian Council.
  1623 | D:2      | Reached ** piety under Lugonu
  1657 | D:2      | Reached XP level 4. HP: 27/36 MP: 6/6
  2106 | D:3      | Noticed Terence
  2131 | D:2      | Killed Terence
  2338 | D:3      | Noticed Robin
  2400 | D:3      | Killed Robin
  2409 | D:3      | Gained mutation: When hurt, damage is shared between your health and your magic reserves. [demonic ancestry]
  2409 | D:3      | Reached XP level 5. HP: 41/42 MP: 7/7
  2502 | D:3      | Noticed Jessica
  2509 | D:3      | Killed Jessica
  2510 | D:3      | Found a basalt altar of Yredelemnul.
  3125 | D:4      | Reached XP level 6. HP: 48/48 MP: 9/9
  3143 | D:4      | Reached *** piety under Lugonu
  3362 | D:4      | Slain by an orc

Vault maps used:
D:1:      dpeg_arrival_windows_large_door
D:2:      overflow_temple_1_default, ashenzari_altar_1
D:3:      yredelemnul_altar_generic, uniq_robin, uniq_jessica, uniq_terence
D:4:      nicolae_overflow_hidden_temple, minmay_temple_entry_enclosed_plants,
          first_ration, uniq_pikel, uniq_grinder, uniq_eustachio

Skill      XL: |  1  2  3  4  5 |
---------------+----------------+-----
Axes           | 2 3 |  3.0
Armour         | 2 3 |  3.1
Dodging        | 1 2 |  2.3
Invocations    | 3 4 |  4.1
Fighting       | 4 |  4.1

Action                   |  1- 3 |  4- 6 || total
-------------------------+-------+-------++-------
Melee: Hand axe          |   108 |   233 ||   341
Invok: Depart the Abyss  |     1 |       ||     1
  Use: Scroll            |     9 |     5 ||    14
       Potion            |       |     1 ||     1
 Stab: Sleeping          |     1 |       ||     1
  Eat: Chunk             |     2 |     6 ||     8
Armor: Leather armour    |    36 |       ||    36
       Chain mail        |    18 |   169 ||   187
Dodge: Dodged            |    70 |    69 ||   139

Table legend:
 A = Spawn XP
 B = Non-spawn XP
 C = Spawn XP percentage of total XP
 D = Spawn monster count
 E = Non-spawn monster count
 F = Spawn count percentage of total count
 G = Total turns spent on level
                    A         B        C        D         E        F      G
               +---------+---------+-------+---------+---------+-------+---------
         Total |       0 |     410 |   0.0 |       0 |      77 |   0.0 |  3362
               +---------+---------+-------+---------+---------+-------+---------
           D:1 |       0 |      45 |   0.0 |       0 |      19 |   0.0 |   995
           D:2 |       0 |     105 |   0.0 |       0 |      17 |   0.0 |  1083
           D:3 |       0 |     110 |   0.0 |       0 |      28 |   0.0 |   720
           D:4 |       0 |     150 |   0.0 |       0 |      13 |   0.0 |   513
               +---------+---------+-------+---------+---------+-------+---------
